 Dungeon Crawl Stone Soup version 0.28.0-53-g5a82cb258f (webtiles) character file.

Game seed: 14184471247032108813

9 tizbic2 the Grave Robber (level 1, 0/14 HPs)
             Began as a Demigod Necromancer on July 16, 2022.
             Frozen to death by an endoplasm (1 damage)
             ... on level 2 of the Dungeon.
             The game lasted 00:01:59 (954 turns).

tizbic2 the Grave Robber (Demigod Necromancer)       Turns: 954, Time: 00:02:02

Health: 0/14       AC:  2    Str:  9    XL:     1   Next: 86%
Magic:  5/5        EV: 12    Int: 17    God:
Gold:   32         SH:  0    Dex: 14    Spells: 2/3 levels left

rFire   . . .      SeeInvis .   e - +0 club
rCold   . . .      Faith    .   (no shield)
rNeg    . . .      Spirit   .   a - +0 robe
rPois   .          Reflect  .   (no helmet)
rElec   .          Harm     .   (no cloak)
rCorr   .          Rampage  .   (no gloves)
Will    .....                   (no boots)
Stlth   ++........              (no amulet)
HPRegen 0.04/turn               (no ring)
MPRegen 0.09/turn               (no ring)

@: flying
A: high MP 1, forlorn, divine attributes
a: no special abilities


You were on level 2 of the Dungeon.
You visited 1 branch of the dungeon, and saw 2 of its levels.

You collected 32 gold pieces.

Inventory:

Hand Weapons
 e - a +0 club (weapon)
Missiles
 d - 24 arrows
 f - 4 stones
Armour
 a - a +0 robe (worn)
Scrolls
 b - a scroll of brand weapon {unknown}
Potions
 c - a potion of flight
 g - 2 potions of berserk rage {unknown}


   Skills:
 * Level 0.8 Staves
 - Level 1.7 Dodging
 - Level 1.7 Stealth
 + Level 1.9 Spellcasting
 * Level 3.8 Necromancy


You had 2 spell levels left.
You knew the following spells:

 Your Spells              Type           Power      Damage    Failure   Level
a - Pain                  Necr           56%        1d6       4%          1

Your spell library contained the following spells:

 Spells                   Type           Power      Damage    Failure   Level
 Animate Skeleton         Necr           28%        N/A       4%          1
 Vampiric Draining        Necr           14%        2d7       12%         3
 Animate Dead             Necr           7%         N/A       38%         4
 Agony                    Necr           14%        N/A       75%         5


Dungeon Overview and Level Annotations

Branches:
Dungeon (1/15)

Shops:
D:2 *

Annotations:
D:2 Natasha


Innate Abilities, Weirdness & Mutations

You have an increased reservoir of magic. (+10% MP)
You shall have no god before yourself.
Your divine heritage dramatically boosts your attributes as you level up.


Message History

Confirm with . or Enter, or press ? or * to list all spells.
Aiming: Pain (safe; 4% risk of failure)
Press: ? - help, Shift-Dir - straight line, f/p - endoplasm
Aim: an endoplasm (heavily wounded, chance to affect: 84%)
The endoplasm writhes in agony.
You kill the endoplasm!
You start resting.
Your magical contamination has completely faded away.
You start resting.
A bat comes into view.
g - a murky silvery potion You start resting.
Magic restored.
You start resting.
HP restored.
Found a murky silvery potion.
Found 8 gold pieces.
g - 2 murky silvery potions (gained 1) As you open the door, it creaks loudly!
An adder and an endoplasm come into view.
The endoplasm quivers.
The adder hisses angrily.
You hit the endoplasm.
The endoplasm is heavily wounded.
The endoplasm freezes you.
You are frozen.
You hit the endoplasm.
The endoplasm is heavily wounded.
The endoplasm freezes you.
You are frozen.
The endoplasm freezes you.
You are frozen.
* * * LOW HITPOINT WARNING * * *
It was a potion of flight.
You feel very buoyant.
You fly up into the air.
Natasha, Servant of Life and Death comes into view.
The endoplasm freezes you.
You are frozen.
You die...

########## #####........#
## #........###.# ...
#.##..##.###.# .$..
#.#.#.....##S########.....
###
#.##..##...@J.............
..#
#.##..##.###.###..h##...
#.####............##.....#
......###.###########...##
#..##.# #.# ##.## #...#.#
#.# #.# ......# #.# #.#
#...#.# #.. .# #'# ##.##.#
### .# ...


You could see Natasha (wandering), an adder and an endoplasm.

Vanquished Creatures
  2 endoplasms (D:2)
  A giant cockroach (D:2)
  2 goblins (D:2)
  2 ball pythons (D:2)
  A kobold (D:2)
8 creatures vanquished.

Notes
Turn   | Place    | Note
-------+----------+-------------------------------------------
     0 | D:1      | tizbic2 the Demigod Necromancer began the quest for the
                  | Orb.
     0 | D:1      | Reached XP level 1. HP: 14/14 MP: 5/5
    35 | D:1      | You fall into a shaft and drop 1 floor!
   429 | D:2      | Found Xaetiet's Assorted Antiques.
   954 | D:2      | Noticed Natasha
   954 | D:2      | Frozen to death by an endoplasm

Illustrated notes

Levels and vault maps discovered:
D:1:      zaba_arrival_water, layout_loops_ring
D:2:      layout_loops_corners, nicolae_ecumenical_oubliette, serial_shops,
          nicolae_square_shop, hangedman_decor_points, uniq_natasha,
          uniq_jessica

Action                   || total
-------------------------++-------
Melee: Club              ||    16
       Unarmed           ||     4
       Punch             ||     1
 Cast: Pain              ||    12
  Use: Potion            ||     1
 Stab: Sleeping          ||     1
Armor: Robe              ||     9
Dodge: Dodged            ||    19
